 Dungeon Crawl Stone Soup version 0.27-a0-1281-ge233d83751 (webtiles) character file.

Game seed: 14508559170495144073

937 BlueGoblin the Chopper (level 7, 0/58 HPs)
             Began as a Palentonga Fighter on June 14, 2021.
             Slain by an orc warrior (17 damage)
             ... on level 5 of the Dungeon.
             The game lasted 00:14:05 (7274 turns).

BlueGoblin the Chopper (Palentonga Fighter)         Turns: 7274, Time: 00:14:07

Health: 0/58       AC: 16    Str: 22    XL:     7   Next: 87%
Magic:  7/7        EV:  4    Int:  6    God:
Gold:   222        SH: 10    Dex: 14    Spells: 6/6 levels left

rFire    . . .     SeeInvis +   a - +1 war axe (freeze)
rCold    . . .     Faith    .   c - +0 kite shield
rNeg     . . .     Spirit   .   g - +0 chain mail
rPois    .         Reflect  .   (no helmet)
rElec    +         Harm     .   n - +0 cloak "Moleamnim" {rElec Int-2 Dex+5}
rCorr    .         Rampage  .   (no gloves)
Will     .....                  (no barding)
Stlth    ..........             (no amulet)
HPRegen  0.19/turn              (no ring)
MPRegen  0.10/turn              (no ring)

@: curled up
A: large, rugged brown scales 3, see invisible, deformed body, roll 1, armoured
tail, reflexive curl
a: Rolling Charge


You were on level 5 of the Dungeon.
You visited 1 branch of the dungeon, and saw 6 of its levels.

You collected 222 gold pieces.

Inventory:

Hand Weapons
 a - a +1 war axe of freezing (weapon)
Armour
 c - a +0 kite shield (worn)
 g - a +0 chain mail (worn)
 n - the +0 cloak "Moleamnim" (worn) {rElec Int-2 Dex+5}
   (You found it on level 4 of the Dungeon)

   It affects your intelligence (-2).
   It affects your dexterity (+5).
   It insulates you from electricity.
Wands
 i - a wand of acid (6)
 l - a wand of polymorph (3)
Scrolls
 b - 3 scrolls of acquirement {unknown}
 f - 2 scrolls of identify
 o - a scroll of noise {unknown}
 p - a scroll of holy word
 q - a scroll of teleportation
 r - a scroll of amnesia {unknown}
Potions
 d - 2 potions of might
 e - 2 potions of heal wounds
 h - a potion of invisibility
 j - a potion of cancellation
 k - a potion of magic
 m - a potion of lignification


   Skills:
 + Level 4.6 Fighting
 + Level 5.2 Axes
 + Level 4.7 Armour
 + Level 1.1 Dodging
 + Level 0.3 Stealth
 + Level 4.0 Shields


You had 6 spell levels left.
You didn't know any spells.
Your spell library contained the following spells:

 Spells                   Type           Power      Damage    Failure   Level
 Bolt of Magma            Conj/Fire/Erth 0%         4d4       100%        5
 Iskenderun's Battlesphe  Conj           0%         2d6       100%        5
 Iron Shot                Conj/Erth      0%         9d1       100%        6
 Orb of Destruction       Conj           0%         N/A       100%        7
 Spellforged Servitor     Conj/Summ      0%         N/A       100%        7


Dungeon Overview and Level Annotations

Branches:
Dungeon (6/15)
 Temple: D:4-7

Altars:
Fedhas
Wu Jian


Innate Abilities, Weirdness & Mutations

You are completely covered in rugged brown scales. (AC +3, +7% HP)
You have supernaturally acute eyesight. (SInv)
Armour fits poorly on your strangely shaped body.
You can roll at nearby foes to attack.
You have a long armoured tail.
You curl defensively after being hit.


Message History

The black bear claws you. You block the black bear's attack.
You block the black bear's attack.
The black bear claws you but does no damage. x2
There is a stone staircase leading up here.
The black bear bites you. You block the black bear's attack.
The black bear claws you.
The orc warrior hits you but does no damage.
You climb upwards.
There is a stone staircase leading down here.
You slash the orc warrior! You freeze the orc warrior.
You tail-slap the orc warrior!
The orc warrior is severely wounded.
Your shield and chain mail prevent you from hitting the black bear.
You block the black bear's attack.
The black bear claws you but does no damage. x2
The orc warrior hits you but does no damage.
You closely miss the orc warrior. You tail-slap the orc warrior.
The orc warrior is severely wounded.
You slash the black bear! You freeze the black bear.
You block the black bear's attack. The black bear claws you.
The black bear claws you but does no damage.
The orc warrior hits you with a +0 long sword!
You hit the orc warrior but do no damage.
Your tail-slap misses the orc warrior.
The orc warrior is severely wounded.
Your shield prevents you from hitting the black bear.
The black bear bites you but does no damage.
You block the black bear's attack. The black bear barely misses you.
The orc warrior barely misses you. You block the black bear's attack.
The black bear claws you.
The black bear claws you but does no damage.
The orc warrior hits you with a +0 long sword.
* * * LOW HITPOINT WARNING * * *
You hit the orc warrior but do no damage.
The orc warrior is severely wounded.
You hit the black bear. You freeze the black bear.
You block the black bear's attack.
The black bear claws you but does no damage. x2
The orc warrior hits you with a +0 long sword!
You die...

#..≈≈#†≈≈#
#########..≈≈'####
#.......#...≈≈≈≈≈#
#.#####.#...≈≈.≈.#
##
#.#...#.......≈..#
.#
#.#..............#
.####
#.###.#.#####.####
....######.....#h#
#.#
........)......o@#
#.#
....##############
#.# ....# #.#
##### #.# #.#
##### #.# ....#
#.# ....# #.#
....# #.#


You could see an orc warrior and a black bear.

Vanquished Creatures
  Edmund (D:5)
  A necrophage (D:5)
  An ogre (D:5)
  A centaur (D:4)
  A phantom (D:5)
  A scorpion (D:5)
  A centaur zombie (D:5)
  A centaur skeleton (D:4)
  Ijyb (D:3)
  3 iguanas
  12 gnolls
  A river rat (D:5)
  7 adders
  A shadow imp (D:5)
  An adder zombie (D:5)
  2 worms (D:5)
  6 orcs
  5 endoplasms
  7 giant cockroaches
  11 goblins
  5 hobgoblins
  3 quokkas
  4 ball pythons
  5 bats
  3 frilled lizards
  8 kobolds
  6 rats
99 creatures vanquished.

Notes
Turn   | Place    | Note
-------+----------+-------------------------------------------
     0 | D:1      | BlueGoblin the Palentonga Fighter began the quest for the
                  | Orb.
     0 | D:1      | Reached XP level 1. HP: 19/19 MP: 1/1
   160 | D:1      | Found a faded altar of an unknown god.
   220 | D:1      | Reached XP level 2. HP: 19/25 MP: 2/2
  1093 | D:1      | Reached XP level 3. HP: 30/31 MP: 3/3
  1836 | D:2      | Reached XP level 4. HP: 30/37 MP: 4/4
  3404 | D:3      | Found a blossoming altar of Fedhas.
  3444 | D:3      | Reached skill level 1 in Dodging
  3474 | D:3      | Reached XP level 5. HP: 38/43 MP: 5/5
  3526 | D:3      | Found an ornate altar of the Wu Jian Council.
  3763 | D:3      | Noticed Ijyb
  3770 | D:3      | Killed Ijyb
  4000 | D:4      | Reached skill level 3 in Axes
  4058 | D:4      | Reached XP level 6. HP: 12/51 MP: 6/6
  4058 | D:4      | HP: 1/51 [gnoll (11)]
  4357 | D:4      | Identified the +0 cloak "Moleamnim" {rElec Int-2 Dex+5}
  4784 | D:4      | Reached skill level 4 in Axes
  5416 | D:5      | Entered Level 5 of the Dungeon
  5455 | D:5      | Noticed Edmund
  5490 | D:5      | Killed Edmund
  5680 | D:5      | Gained mutation: You curl defensively after being hit.
                  | [Palentonga growth]
  5680 | D:5      | Reached XP level 7. HP: 57/57 MP: 7/7
  5963 | D:5      | Identified the +9 great sword "Xihiraev" {vorpal, rF+ rN++}
  6502 | D:5      | Reached skill level 5 in Axes
  7253 | D:6      | Noticed a two-headed ogre
  7274 | D:5      | Slain by an orc warrior

Illustrated notes

Levels and vault maps discovered:
D:1:      dpeg_arrival_boxes_within_box, layout_loops_ring,
          ebering_ecumenical_altar_petrified
D:2:      layout_basic, grunt_ministairs_1
D:3:      layout_loops_cross, lemuel_tele_altar,
          pdpol_wu_jian_five_deadly_venoms, uniq_ijyb
D:4:      layout_layer_cave
D:5:      layout_basic, portal_sewer_entry_e, nrook_mini_backslash, uniq_edmund
D:6:      minmay_cornered_nines, layout_layer_cave,
          minmay_temple_entry_overgrown, ebering_ghost_xom, nrook_loot_triangle,
          uniq_grinder, uniq_pikel, uniq_prince_ribbit1

Skill      XL: |  1  2  3  4  5  6  7 |
---------------+----------------------+-----
Armour         | 3 4 |  4.7
Shields        | 3 4 |  4.0
Dodging        | 1 |  1.1
Axes           | 3 4 5 |  5.2
Fighting       | 4 |  4.6
Stealth        | |  0.3

Action                   |  1- 3 |  4- 6 |  7- 9 || total
-------------------------+-------+-------+-------++-------
Melee: War axe           |    81 |   139 |    70 ||   290
       Tailslap          |     8 |     9 |    11 ||    28
 Abil: Rolling Charge    |    18 |    32 |    17 ||    67
  Use: Scroll            |     4 |     5 |       ||     9
       Potion            |       |     3 |       ||     3
Armor: Scale mail        |    38 |     8 |       ||    46
       Chain mail        |       |    49 |    32 ||    81
Dodge: Dodged            |    23 |    24 |     8 ||    55
Block: Kite shield       |    41 |    81 |    31 ||   153

Table legend: (Time is in decaauts)
 A = Elapsed time spent in this place.
 B = Non-inter-level travel time spent in this place.
 C = Inter-level travel time spent in this place.
 D = Time resting spent in this place.
 E = Time spent auto-exploring this place.
 F = Levels seen in this place.
 G = Mean time per level.
                   A        B        C        D        E       F      G
               +--------+--------+--------+--------+--------+-----+--------+
         Total |   7434 |   7274 |    160 |   1872 |   4388 |   6 | 1239.0 |
       Dungeon |   7434 |   7274 |    160 |   1872 |   4388 |   6 | 1239.0 |
               +--------+--------+--------+--------+--------+-----+--------+

Top non-repeatable levels by time:
     D:5: 1843 daAuts
     D:2: 1651 daAuts
     D:1: 1417 daAuts
     D:4: 1338 daAuts
     D:3: 1131 daAuts
     D:6: 51 daAuts
